 Dungeon Crawl Stone Soup version 0.28-a0-1152-g9c71ebef14 (webtiles) character file.

Game seed: 11315440476282607653

267 tilp the Chiller (level 6, -4/25 HPs)
             Began as a Felid Ice Elementalist on Dec 14, 2021.
             Was an Initiate of Ru.
             Slain by a bog mummy (12 damage)
             ... in an ossuary.
             The game lasted 00:10:01 (6143 turns).

tilp the Chiller (Felid Ice Elementalist)           Turns: 6143, Time: 00:10:02

Health: -4/25      AC:  9    Str:  4    XL:     6   Next: 0%
Magic:  11/11      EV: 18    Int: 18    God:    Ru [......]
Gold:   60         SH:  0    Dex: 17    Spells: 4/11 levels left
                                        Lives:  0   Deaths: 1

rFire   . . .      SeeInvis +     - Unarmed
rCold   + . .      Faith    .   (shield unavailable)
rNeg    + . .      Spirit   .   (armour unavailable)
rPois   +          Reflect  .   (helmet unavailable)
rElec   .          Harm     .   (cloak unavailable)
rCorr   .          Rampage  .   (gloves unavailable)
Will    .....                   (boots unavailable)
Stlth   +++.......              f - amulet of magic regeneration
HPRegen 0.08/turn               b - ring of protection from fire
MPRegen 0.52/turn               j - ring of Omiam {Ice rPois rN+}

@: ice-armoured, quick
A: very small, claws 1, fangs 3, see invisible, speed 1, shaggy fur 2, stealthy
paws, no weapons or thrown items, no armour, multi-lived
a: Renounce Religion


You were in an ossuary.
You worshipped Ru.
Ru was noncommittal.
You visited 2 branches of the dungeon, and saw 6 of its levels.
You also visited: Ossuary.

You collected 147 gold pieces.
You spent 87 gold pieces at shops.

Inventory:

Jewellery
 b - a ring of protection from fire (left paw)
 f - an amulet of magic regeneration (around neck)
 i - an amulet of reflection
 j - the ring of Omiam (right paw) {Ice rPois rN+}
   (You acquired it on level 4 of the Dungeon)

   [ring of ice]

   It enhances your ice magic.
   rF:        It makes you vulnerable to fire.
   rC:        It protects you from cold.
   rPois:     It protects you from poison.
   rN:        It protects you from negative energy.
Wands
 d - a wand of flame (8)
Scrolls
 c - a scroll of magic mapping
Potions
 a - 4 potions of lignification
 e - a potion of mutation
 g - 2 potions of heal wounds
 k - a potion of magic


   Skills:
 + Level 1.2 Fighting
 + Level 3.3 Dodging
 + Level 3.4 Stealth
 * Level 2.9 Unarmed Combat
 - Level 3.0 Spellcasting
 - Level 6.0 Ice Magic


You had 4 spell levels left.
You knew the following spells:

 Your Spells              Type           Power      Damage    Failure   Level
a - Freeze                Ice            100%       1d11      1%          1
b - Frozen Ramparts       Ice            72%        1d9       4%          3
c - Ozocubu's Armour      Ice            36%        N/A       4%          3

Your spell library contained the following spells:

 Spells                   Type           Power      Damage    Failure   Level
 Magic Dart               Conj           8%         1d3       16%         1
 Call Imp                 Summ           2%         N/A       24%         2
 Mephitic Cloud           Conj/Pois/Air  2%         N/A       43%         3
 Hailstorm                Conj/Ice       20%        3d6       43%         4


Dungeon Overview and Level Annotations

Branches:
Dungeon (5/15)             Temple (1/1) D:4         Ossuary (1/1)

Altars:
Ashenzari
Cheibriados
Gozag
Kikubaaqudgha
Makhleb
Okawaru
Qazlal
Ru
Sif Muna
Trog
Wu Jian
Xom
Zin
The Shining One

Shops:
D:2 *   D:3 [   D:4 =

Annotations:
D:2 Terence


Innate Abilities, Weirdness & Mutations

You have sharp claws.
You have razor-sharp teeth.
You have supernaturally acute eyesight. (SInv)
You cover ground quickly. (Speed+)
You are covered in thick fur. (AC +2)
Your paws help you pounce on unaware monsters.
You are incapable of wielding weapons or throwing items.
You cannot wear armour.
You gain extra lives every three experience levels.


Message History

Unknown command.
You closely miss the hornet zombie.
The hornet zombie is moderately damaged.
The hornet zombie is engulfed in a cloud of scalding steam.
The hornet zombie hits you.
You barely miss the hornet zombie.
The hornet zombie is moderately damaged.
The hornet zombie barely misses you.
Unknown command.
You scratch the hornet zombie but do no damage.
The hornet zombie is moderately damaged.
The hornet zombie barely misses you.
The hornet zombie hits you but does no damage.
Unknown command.
You scratch the hornet zombie.
The hornet zombie is heavily damaged.
The hornet zombie closely misses you. The bog mummy misses you.
You scratch the hornet zombie but do no damage.
The hornet zombie is heavily damaged.
The hornet zombie misses you. The bog mummy completely misses you.
Unknown command.
Aiming: Throw Flame
Press: ? - help, Shift-Dir - straight line, f/p - hornet zombie
Aim: a hornet zombie (heavily damaged, 72% to hit)
The puff of flame hits the hornet zombie!
The hornet zombie is heavily damaged.
The hornet zombie is engulfed in a cloud of scalding steam.
The hornet zombie hits you.
* * * LOW HITPOINT WARNING * * *
The hornet zombie is engulfed in a cloud of scalding steam.
The hornet zombie misses you.
Unknown command.
Aiming: Throw Flame
Press: ? - help, Shift-Dir - straight line, f - bog mummy, p - hornet zombie
Aim: a bog mummy (85% to hit)
The puff of flame hits the bog mummy.
The bog mummy is burned terribly!
The bog mummy is moderately damaged.
The hornet zombie is engulfed in a cloud of scalding steam.
The hornet zombie misses you. The bog mummy hits you!
You die...

#≈ #.#.≈.M.#
≈≈##≈≈#≈#Z#.≈≈#≈
#≈.M≈≈.MZ≈≈≈.≈.
#≈≈#≈##M##M##' #
+ #M†.# #≈ #.∩.#
#.. #..∩# #
#≈#≈.#####'#####
#≈P..M@Z........
#≈≈≈≈#####'#####
##P≈ # ##


You could see a bog mummy and a hornet zombie.

Vanquished Creatures
  An ogre (D:4)
  A water moccasin skeleton (D:5)
  2 hounds (D:4)
  4 mummies (Ossuary)
  An orc priest (D:4)
  Jessica (D:2)
  7 adders
  An ufetubus (D:4)
  An adder zombie (D:3)
  3 dart slugs
  5 endoplasms
  3 giant cockroaches
  5 goblins
  10 hobgoblins
  2 jackals (D:1)
  4 kobolds
  3 quokkas
  A ball python (D:1)
  6 bats
  A frilled lizard (D:1)
  3 rats (D:2)
65 creatures vanquished.

Vanquished Creatures (others)
  2 withered plants (Ossuary)
2 creatures vanquished.

Grand Total: 67 creatures vanquished

Notes
Turn   | Place    | Note
-------+----------+-------------------------------------------
     0 | D:1      | tilp the Felid Ice Elementalist began the quest for the
                  | Orb.
     0 | D:1      | Reached XP level 1. HP: 7/7 MP: 4/4
   147 | D:1      | Reached skill level 1 in Unarmed Combat
   490 | D:1      | Reached XP level 2. HP: 2/11 MP: 3/6
   944 | D:1      | Found a faded altar of an unknown god.
  1558 | D:2      | Found a burning altar of Makhleb.
  1628 | D:2      | Noticed Terence
  1896 | D:2      | Reached XP level 3. HP: 7/14 MP: 2/7
  2176 | D:2      | Reached skill level 4 in Ice Magic
  2180 | D:2      | Learned a level 3 spell: Frozen Ramparts
  2212 | D:2      | Found Togacyx's Assorted Antiques.
  2224 | D:2      | Bought a scroll labelled KOTYQU VA IHICO for 29 gold pieces
  2301 | D:2      | Noticed Jessica
  2311 | D:2      | Killed Jessica
  2312 | D:2      | Reached XP level 4. HP: 12/18 MP: 6/8
  3821 | D:3      | Found Buoquvih's Armour Boutique.
  3898 | D:3      | Learned a level 3 spell: Ozocubu's Armour
  4095 | D:3      | Reached XP level 5. HP: 21/21 MP: 8/10
  4605 | D:2      | Bought a scroll labelled URO ZIALAMABRA for 29 gold pieces
  4605 | D:2      | Bought a scroll labelled URO ZIALAMABRA for 29 gold pieces
  4978 | D:4      | Noticed an ogre
  5043 | D:4      | Found a staircase to the Ecumenical Temple.
  5062 | D:4      | Reached skill level 5 in Ice Magic
  5259 | Temple   | Entered the Ecumenical Temple
  5320 | Temple   | Became a worshipper of Ru the Awakened
  5454 | D:4      | Found Ewudwut's One-of-a-Kind Rings.
  5901 | D:4      | Killed an ogre
  5902 | D:4      | Reached skill level 6 in Ice Magic
  5902 | D:4      | Gained mutation: You are covered in thick fur. (AC +2)
                  | [Felid growth]
  5902 | D:4      | Reached XP level 6. HP: 21/25 MP: 4/11
  5966 | D:4      | Identified a scroll of acquirement
  5966 | D:4      | Acquired the ring of Omiam {Ice rPois rN+}
  6030 | D:5      | Entered Level 5 of the Dungeon
  6072 | D:5      | Found a sand-covered staircase.
  6081 | Ossuary  | Entered an ossuary
  6096 | Ossuary  | Reached skill level 1 in Fighting
  6106 | Ossuary  | Slain by a bog mummy
  6107 | Ossuary  | Reached XP level 5. HP: -1/22 MP: 10/10
  6135 | Ossuary  | Reached XP level 6. HP: 15/25 MP: 11/11
  6143 | Ossuary  | Slain by a bog mummy

Illustrated notes

Levels and vault maps discovered:
D:1:      beargit_arrival_greenhouse, layout_basic,
          chequers_ecumenical_altar_lobes
D:2:      layout_basic, serial_shops, nicolae_shop_waterfront, basic_altar,
          uniq_jessica, uniq_terence
D:3:      layout_basic, serial_shops, shop
D:4:      layout_loops_ring, minmay_temple_entry_proselytizer,
          nicolae_shop_unique_rings
D:5:      layout_gridville, nicolae_elyvilon_temple_path,
          mainiacjoe_overflow_paths, serial_shops, shop,
          nicolae_ossuary_entry_ruins, hangedman_decor_clover_reticule
Temple:   zaba_magenta_temple
Ossuary:  ossuary_zaba_flooded

Skill      XL: |  1  2  3  4  5  6 |
---------------+-------------------+-----
Unarmed Combat | 1 2 |  2.9
Ice Magic      | 4 6 |  6.0
Spellcasting   | 3 |  3.0
Dodging        | 3 |  3.3
Stealth        | 3 |  3.4
Fighting       | 1 |  1.2

Action                   |  1- 3 |  4- 6 || total
-------------------------+-------+-------++-------
Melee: Unarmed           |    11 |    65 ||    76
       Bite              |     1 |     7 ||     8
 Cast: Freeze            |    27 |    27 ||    54
       Frozen Ramparts   |     1 |     7 ||     8
       Ozocubu's Armour  |       |     4 ||     4
Evoke: Wand              |       |     8 ||     8
  Use: Scroll            |     1 |    10 ||    11
 Stab: Sleeping          |     6 |    11 ||    17
Armor: Skin              |     1 |     9 ||    10
Dodge: Dodged            |    19 |    54 ||    73

Table legend: (Time is in decaauts)
 A = Elapsed time spent in this place.
 B = Non-inter-level travel time spent in this place.
 C = Inter-level travel time spent in this place.
 D = Time resting spent in this place.
 E = Time spent auto-exploring this place.
 F = Levels seen in this place.
 G = Mean time per level.
                   A        B        C        D        E       F      G
               +--------+--------+--------+--------+--------+-----+--------+
         Total |   5542 |   5194 |    348 |   1952 |   2643 |   7 |  791.7 |
       Dungeon |   5421 |   5089 |    332 |   1952 |   2602 |   5 | 1084.2 |
        Temple |     60 |     45 |     15 |      0 |     40 |   1 |   60.0 |
       Ossuary |     60 |     60 |      0 |      0 |      0 |   1 |   60.0 |
               +--------+--------+--------+--------+--------+-----+--------+

Top non-repeatable levels by time:
     D:1: 1832 daAuts
     D:3: 1415 daAuts
     D:2: 1119 daAuts
     D:4: 1010 daAuts
  Temple: 60 daAuts
 Ossuary: 60 daAuts
     D:5: 44 daAuts
